 Dungeon Crawl Stone Soup version 0.31.0-11-ge490571c62 (webtiles) character file.

Game seed: 3138607954064184815

57 qw the Shooter (level 3, -4/18 HPs)
             Began as a Spriggan Hunter on Feb 4, 2024.
             Slain by a phantom (5 damage)
             ... on level 4 of the Dungeon.
             The game lasted 00:00:05 (1443 turns).

qw the Shooter (Spriggan Hunter)                    Turns: 1443, Time: 00:00:05

Health: -4/18      AC:  2    Str:  7    XL:     3   Next: 73%
Magic:  4/4        EV: 19    Int: 10    God:
Gold:   45         SH:  0    Dex: 20    Spells: 2/2 levels left

rFire   . . .        a - +0 shortbow
rCold   . . .        (shield currently unavailable)
rNeg    . . .        c - +0 robe
rPois   .            (helmet restricted)
rElec   .            (no cloak)
rCorr   .            (gloves unavailable)
SInv    +            (boots unavailable)
Will    .....        (no amulet)
Stlth   ++           (no ring)
HPRegen 0.23/turn    (no ring)
MPRegen 0.09/turn

%: no passive effects
@: very quick
A: very small, no large weapons, unfitting armour, see invisible, speed 3
a: no special abilities


You were on level 4 of the Dungeon.
You visited 1 branch of the dungeon, and saw 3 of its levels.

You collected 45 gold pieces.


Innate Abilities, Weirdness & Mutations

You are very small and have problems with some larger weapons.
You are too small for most types of armour.
You have supernaturally acute eyesight. (SInv)
You cover ground extremely quickly. (Speed+++)


   Skills:
 - Level 1.5 Fighting
 + Level 4.9 Ranged Weapons
 - Level 4.0 Dodging
 - Level 1.5 Stealth


You had 2 spell levels left.
You didn't know any spells.
Your spell library was empty.

Inventory:

Hand Weapons
 a - a +0 shortbow (weapon)
Armour
 c - a +0 robe (worn)
Jewellery
 f - a +5 ring of evasion
Scrolls
 b - a scroll of revelation {unknown}
 e - a scroll of identify
 g - a scroll of vulnerability {unknown}
Potions
 d - a potion of cancellation {unknown}

Dungeon Overview and Level Annotations

Branches:
Dungeon (2/15)

Altars:
Xom


Message History

A phantom comes into view.
You shoot an arrow.
The arrow hits the phantom but does no damage.
You shoot an arrow. The arrow hits the phantom!
The phantom is moderately damaged.
You shoot an arrow. The arrow misses the phantom.
You shoot an arrow. The arrow hits the phantom.
The phantom is heavily damaged.
You shoot an arrow. The arrow misses the phantom.
You shoot an arrow. The arrow closely misses the phantom.
The phantom closely misses you.
You shoot an arrow.
The arrow hits the phantom but does no damage.
The phantom is heavily damaged.
The phantom closely misses you.
You shoot an arrow. The arrow hits the phantom.
The phantom is heavily damaged.
The phantom closely misses you.
You shoot an arrow. The arrow barely misses the phantom.
The phantom hits you.
The phantom blinks!
You blink.
The phantom hits you.
The phantom blinks!
You blink.
You shoot an arrow. The arrow closely misses the phantom.
The phantom misses you.
You shoot an arrow. The arrow barely misses the phantom.
The phantom hits you!
The phantom blinks!
You blink.
You shoot an arrow. The arrow barely misses the phantom.
The phantom barely misses you.
You shoot an arrow. The arrow barely misses the phantom.
The phantom misses you.
You shoot an arrow. The arrow closely misses the phantom.
The phantom hits you.
You shoot an arrow. The arrow hits the phantom.
The phantom is severely damaged.
The phantom misses you.
You shoot an arrow. The arrow closely misses the phantom.
The phantom hits you.
The phantom blinks!
You blink.
You shoot an arrow. The arrow hits the phantom.
The phantom is almost destroyed.
The phantom hits you.
You die...

###########.#
#.# ######
#.###.!..####.
#..¤..........
#####.......
#......
#....##
#W...##
#.@...####
#..¤.......#
##########...


You could see a phantom.

Vanquished Creatures
  4 dart slugs (D:1)
  4 bats
  3 endoplasms (D:1)
  2 giant cockroaches (D:1)
  2 goblins
  2 hobgoblins
  8 jackals
  4 quokkas
  2 ball pythons (D:2)
  A frilled lizard (D:1)
  7 kobolds
  4 rats
43 creatures vanquished.

Notes
Turn   | Place    | Note
-------+----------+-------------------------------------------
     0 | D:1      | qw the Spriggan Hunter began the quest for the Orb.
     0 | D:1      | Reached XP level 1. HP: 10/10 MP: 2/2
     0 | D:1      | 0 ||| qw: Version: 0.3-a-160-g6735b56
     0 | D:1      | 0 ||| qw: Game counter: 5020
     0 | D:1      | 0 ||| qw: Melee chars always use a shield: true
     0 | D:1      | 0 ||| qw: God list: Okawaru
     0 | D:1      | 0 ||| qw: Allow faded altars: false
     0 | D:1      | 0 ||| qw: Do Orc after clearing Dungeon:15 true
     0 | D:1      | 0 ||| qw: Do second Lair branch before Depths: true
     0 | D:1      | 0 ||| qw: Lair rune preference: random
     0 | D:1      | 0 ||| qw: Goals: Normal
     0 | D:1      | 0 ||| PLANNING D:1-11
    60 | D:1      | Reached skill level 3 in Dodging
   159 | D:1      | Reached XP level 2. HP: 14/14 MP: 3/3
   295 | D:1      | Found a faded altar of an unknown god.
   308 | D:1      | Reached XP level 3. HP: 18/18 MP: 4/4
   903 | D:1      | 903 ||| READING scroll labelled CIPTIO NICAIRGH.
   904 | D:1      | 904 ||| READING 2 scrolls labelled ARIROR ISUXISH.
   904 | D:1      | 904 ||| IDENTIFYING scroll labelled CUMAYS WAVEEPS
   905 | D:1      | 905 ||| DROPPING scroll of butterflies.
   906 | D:1      | 906 ||| DROPPING scroll of immolation.
  1365 | D:2      | You fall into a shaft and drop 2 floors!
  1416 | D:4      | Found a shimmering altar of Xom.
  1426 | D:4      | Noticed a phantom
  1440 | D:4      | HP: 1/18 [phantom (4)]
  1443 | D:4      | Slain by a phantom

Levels and vault maps discovered:
D:1:      psy_arrival_terrarium, layout_basic,
          hellmonk_ecumenical_altar_arch_garden
D:2:      layout_basic, serial_forest, infiniplex_forest_clump_curved,
          infiniplex_forest_end_2, infiniplex_forest_clump_diagonal,
          infiniplex_forest_lined_corner, infiniplex_forest_lined_room_2,
          infiniplex_forest_lined_2, infiniplex_forest_join
D:4:      layout_basic, xom_butterflies, serial_shops, nicolae_shop_peninsula

Skill      XL: |  1  2 |
---------------+-------+-----
Dodging        | 3 4 |  4.0
Fighting       | |  1.5
Ranged Weapons | |  4.9
Stealth        | |  1.5

Action                     || total
---------------------------++-------
   Fire: Shortbow          ||   135
    Use: Scroll            ||     2
 Armour: Robe              ||    25
  Dodge: Dodged            ||    47

Table legend:
 A = Non-vault XP
 B = Vault XP
 C = Vault XP percentage of total XP
 D = Non-vault monster count
 E = Vault monster count
 F = Vault count percentage of total count
                 A         B        C        D         E       F
            +---------+---------+-------+---------+---------+-------
      Total |      82 |       0 |   0.0 |      43 |       0 |   0.0
            +---------+---------+-------+---------+---------+-------
        D:1 |      60 |       0 |   0.0 |      30 |       0 |   0.0
        D:2 |      20 |       0 |   0.0 |      12 |       0 |   0.0
        D:4 |       2 |       0 |   0.0 |       1 |       0 |   0.0
            +---------+---------+-------+---------+---------+-------
